 Dungeon Crawl Stone Soup version 0.23.1 (webtiles) character file.

Game seed: 14017733216475720561

357 Borgoz the Sneak (level 6, -2/45 HPs)
             Began as a Ghoul Enchanter on Mar 4, 2019.
             Shot with an arrow by a centaur (10 damage)
             ... on level 6 of the Dungeon.
             The game lasted 00:07:51 (2529 turns).

Borgoz the Sneak (Ghoul Enchanter)                  Turns: 2529, Time: 00:07:52

Health: -2/45      AC:  4    Str: 12    XL:     6   Next: 64%
Magic:  7/7        EV: 19    Int: 14    God:
Gold:   135        SH:  0    Dex: 15    Spells: 2/8 levels left

rFire    . . .     SeeInvis .   m - +1 dagger (venom)
rCold    + . .     Gourm    .   (no shield)
rNeg     + + +     Faith    .   b - +1 robe
rPois    ∞         Spirit   .   (no helmet)
rElec    .         Reflect  .   (no cloak)
rCorr    .         Harm     .   (no gloves)
MR       .....                  (no boots)
Stlth    ++++......             k - amulet of regeneration
HPRegen  0.00/turn              s - +1 ring of protection
MPRegen  0.10/turn              t - +3 ring of intelligence

@: agile, rotting
A: rotting body, claws 1, carnivore, cold resistance 1, negative energy
resistance 3, inhibited regeneration, torment resistance, unbreathing
a: no special abilities


You were on level 6 of the Dungeon.
You were not hungry.

You visited 1 branch of the dungeon, and saw 4 of its levels.

You collected 135 gold pieces.

Inventory:

Hand Weapons
 m - a +1 dagger of venom (weapon)
Missiles
 r - 8 needles of sleeping
Armour
 b - a +1 robe (worn)
Jewellery
 k - an amulet of regeneration (around neck)
 s - a +1 ring of protection (left claw)
 t - a +3 ring of intelligence (right claw)
Wands
 f - a wand of flame (19)
 h - a wand of digging (5)
Scrolls
 e - a scroll of blinking
 n - 2 scrolls of remove curse
 p - a scroll of enchant weapon
Potions
 a - a potion of agility
Comestibles
 d - 5 rations


   Skills:
 * Level 3.2 Short Blades
 * Level 4.5 Dodging
 + Level 4.5 Stealth
 - Level 1.9 Spellcasting
 - Level 2.4 Hexes
 + Level 0.4 Ice Magic


You had 2 spell levels left.
You knew the following spells:

 Your Spells              Type           Power        Failure   Level  Hunger
a - Corona                Hex            #......      9%          1    ##.....
b - Ensorcelled Hibernat  Hex/Ice        #.....       21%         2    ###....
c - Confuse               Hex            #.......     26%         3    ####...

Your spell library contained the following spells:

 Spells                   Type           Power        Failure   Level  Hunger
 Tukima's Dance           Hex            #.......     26%         3    ####...
 Dazzling Spray           Conj/Hex       #.....       41%         3    ####...


Dungeon Overview and Level Annotations

Branches:
Dungeon (3/15)

Altars:

Annotations:
D:6 Pikel


Innate Abilities, Weirdness & Mutations

Your body is rotting away.
You thrive on raw meat.
You are immune to poison.
You have sharp fingernails.
You are carnivorous and can eat meat at any time.
Your flesh is cold resistant. (rC+)
You are immune to negative energy. (rN+++)
You do not regenerate when monsters are visible.
You are immune to unholy pain and torment.
You can survive without breathing.


Message History

Found an arrow and a scale mail.
You see here an arrow.
The centaur shoots an arrow.
The arrow hits you!
You see here an arrow.
The slave hits you. The slave hits you.
* * * LOW HITPOINT WARNING * * *
The centaur shoots an arrow.
The arrow barely misses you.
The centaur shoots an arrow.
The arrow barely misses you.
An adder comes into view.
You hear a shout!
You see here 2 arrows.
You feel agile all of a sudden.
The centaur shoots an arrow.
The arrow closely misses you. The slave barely misses you.
It was a potion of curing.
You feel better.
The centaur shoots an arrow.
The arrow hits you!
* * * LOW HITPOINT WARNING * * *
The centaur shoots an arrow.
The arrow hits you!
You die...

#########
#.......#
#.......#
#.......#
#.......#
#....p..##
#...ppp([#
#####K##(#
#@##.#
#.##.#
#..#.#
##c..#
#... S..
...o. .
.... . .


You could see Pikel, 4 slaves, a centaur, an adder and an orc.

Vanquished Creatures
  An orc warrior (D:6)
  A howler monkey (D:2)
  An orc priest (D:2)
  A hound (D:6)
  A jelly (D:6)
  A bullfrog skeleton (D:6)
  An orc wizard (D:6)
  A worker ant (D:3)
  A worm (D:3)
  A dart slug (D:2)
  6 orcs
  3 giant cockroaches
  9 goblins
  8 hobgoblins
  5 kobolds
  2 quokkas (D:2)
  4 bats
  4 frilled lizards
  6 rats
57 creatures vanquished.

Notes
Turn   | Place    | Note
-------+----------+-------------------------------------------
     0 | D:1      | Borgoz the Ghoul Enchanter began the quest for the Orb.
     0 | D:1      | Reached XP level 1. HP: 14/14 MP: 2/2
   176 | D:1      | Reached skill level 1 in Short Blades
   176 | D:1      | Reached XP level 2. HP: 9/20 MP: 0/3
  1242 | D:2      | Reached XP level 3. HP: 26/26 MP: 4/4
  1695 | D:2      | Reached XP level 4. HP: 21/33 MP: 5/5
  1897 | D:2      | Reached XP level 5. HP: 9/38 MP: 6/6
  2062 | D:3      | Learned a level 2 spell: Ensorcelled Hibernation
  2066 | D:3      | Learned a level 3 spell: Confuse
  2127 | D:3      | You fall through a shaft for 3 floors!
  2177 | D:6      | Noticed a centaur
  2223 | D:6      | Noticed an orc warrior
  2289 | D:6      | Killed an orc warrior
  2289 | D:6      | Reached XP level 6. HP: 24/45 MP: 1/7
  2523 | D:6      | Noticed Pikel
  2523 | D:6      | Noticed a slave
  2523 | D:6      | Noticed a slave
  2523 | D:6      | Noticed a slave
  2523 | D:6      | Noticed a slave
  2529 | D:6      | Shot with an arrow by a centaur

Skill      XL: |  1  2  3  4  5 |
---------------+----------------+-----
Dodging        | 2 3 4 |  4.5
Short Blades   | 1 2 3 |  3.2
Stealth        | 4 |  4.5
Spellcasting   | |  1.9
Hexes          | |  2.4
Ice Magic      | |  0.4

Action                   |  1- 3 |  4- 6 || total
-------------------------+-------+-------++-------
Melee: Dagger            |   130 |    94 ||   224
 Cast: Corona            |     4 |       ||     4
       Ensorcelled Hiber |       |     6 ||     6
       Confuse           |       |     1 ||     1
  Use: Scroll            |     2 |    10 ||    12
       Potion            |       |     4 ||     4
 Stab: Sleeping          |     1 |     2 ||     3
       Invisible         |       |     1 ||     1
  Eat: Chunk             |    17 |     7 ||    24
Armor: Robe              |    30 |    18 ||    48
Dodge: Dodged            |    93 |    68 ||   161
